 Dungeon Crawl Stone Soup version 0.27.1-3-gb3d3a73c9e (webtiles) character file.

Game seed: 7306356927088608430

20848 Crownlay the Destroyer (level 12, -1/106 HPs)
             Began as a Grey Draconian Conjurer on Oct 21, 2021.
             Was an Elder of Vehumet.
             Killed from afar by an acid dragon (7 damage)
             ... with a splash of acid
             ... on level 11 of the Dungeon.
             The game lasted 00:52:15 (13461 turns).

Crownlay the Destroyer (Grey Draconian Conjurer)   Turns: 13461, Time: 00:52:16

Health: -1/106     AC: 12    Str: 10    XL:     12   Next: 49%
Magic:  25/25      EV: 12    Int: 23    God:    Vehumet [****..]
Gold:   618        SH:  0    Dex: 10    Spells: 4/30 levels left

rFire    . . .     SeeInvis .   L - staff of conjuration
rCold    . . .     Faith    .   (no shield)
rNeg     . . .     Spirit   .   (armour unavailable)
rPois    .         Reflect  .   F - -5 hat "Safufet" {rElec Will+ Regen+}
rElec    +         Harm     .   n - +0 cloak
rCorr    .         Rampage  .   G - +2 pair of gloves
Will     +....                  (no boots)
Stlth    ++........             (no amulet)
HPRegen  1.27/turn              (no ring)
MPRegen  0.19/turn              (no ring)

@: no status effects
A: AC +13, amphibious, unfitting armour, cold-blooded
a: Renounce Religion


You were on level 11 of the Dungeon.
You worshipped Vehumet.
Vehumet was greatly pleased with you.
You visited 2 branches of the dungeon, and saw 12 of its levels.
You also visited: Ossuary.

You collected 618 gold pieces.

Inventory:

Missiles
 h - 7 silver javelins
 v - a curare-tipped dart
Armour
 n - a +0 cloak (worn)
 F - the -5 hat "Safufet" (worn) {rElec Will+ Regen+}
   (You found it on level 8 of the Dungeon)

   rElec:     It insulates you from electricity.
   Regen:     It increases your rate of health regeneration.
   Will:      It increases your willpower.
 G - a +2 pair of gloves (worn)
Magical Staves
 L - a staff of conjuration (weapon)
Wands
 a - a wand of charming (5)
 c - a wand of acid (26)
 s - a wand of digging (6)
 t - a wand of flame (31)
 w - a wand of polymorph (7)
 C - a wand of mindburst (15)
 J - a wand of iceblast (7)
Scrolls
 b - 3 scrolls of magic mapping
 f - 5 scrolls of enchant armour
 j - 3 scrolls of teleportation
 m - a scroll of torment
 q - a scroll of vulnerability {unknown}
 r - a scroll of amnesia
 u - a scroll of immolation {unknown}
 y - a scroll of fog
 B - a scroll of noise
 H - a scroll of fear {unknown}
 K - a scroll of enchant weapon {unknown}
Potions
 d - a potion of cancellation {unknown}
 e - a potion of haste {unknown}
 g - 3 potions of attraction
 k - 4 potions of flight
 o - a potion of heal wounds {unknown}
 x - 3 potions of lignification
 z - a potion of ambrosia
 D - a potion of mutation {unknown}
 E - a potion of might {unknown}
 I - a potion of magic {unknown}
Miscellaneous
 M - a lightning rod (4/4)


   Skills:
 - Level 10.0 Fighting
 - Level 1.7 Dodging
 - Level 1.7 Stealth
 - Level 9.8 Spellcasting
 + Level 14.7 Conjurations
 + Level 5.2 Summonings


You had 4 spell levels left.
You knew the following spells:

 Your Spells              Type           Power      Damage    Failure   Level
a - Magic Dart            Conj           100%       1d8       0%          1
b - Searing Ray           Conj           100%       3d7       0%          2
c - Iskenderun's Mystic   Conj/Tloc      61%        2d13      1%          4
d - Orb of Destruction    Conj           43%        9d14      3%          7
e - Bolt of Magma         Conj/Fire/Erth 25%        4d12      6%          5
f - Spellforged Servitor  Conj/Summ      36%        N/A       21%         7

Your spell library contained the following spells:

 Spells                   Type           Power      Damage    Failure   Level
 Shock                    Conj/Air       100%       1d9       1%          1
 Call Imp                 Summ           35%        N/A       1%          2
 Dazzling Flash           Conj/Hex       100%       N/A       1%          3
 Mephitic Cloud           Conj/Pois/Air  50%        N/A       1%          3
 Fulminant Prism          Conj/Hex       30%        3d16      1%          4
 Corona                   Hex            12%        N/A       6%          1
 Pain                     Necr           44%        1d6       6%          1
 Summon Guardian Golem    Hex/Summ       23%        N/A       6%          3
 Ensorcelled Hibernation  Hex/Ice        22%        N/A       9%          2
 Airstrike                Air            5%         N/A       16%         4
 Swiftness                Air            11%        N/A       17%         3
 Tukima's Dance           Hex            11%        N/A       17%         3
 Summon Forest            Summ/Tloc      11%        N/A       47%         5
 Summon Mana Viper        Hex/Summ       23%        N/A       47%         5
 Shadow Creatures         Summ           N/A        N/A       71%         6
 Agony                    Necr           11%        N/A       85%         5
 Excruciating Wounds      Necr           5%         N/A       85%         5


Dungeon Overview and Level Annotations

Branches:
Dungeon (11/15)            Temple (1/1) D:5            Lair (0/6) D:8
Ossuary (visited)
    Orc: D:9-12

Altars:
Elyvilon
Gozag
Kikubaaqudgha
Makhleb
Okawaru
Ru
Sif Muna
Trog
Vehumet
Xom
Yredelemnul
The Shining One

Shops:
D:2 (

Annotations:
D:3 2 runed translucent doors, YannSP's ghost, amateur FoFi
D:9 2 runed translucent doors, ABBCCCDDDD's ghost, novice OpAK


Innate Abilities, Weirdness & Mutations

Your dull iron-grey scales are very hard. (AC +13)
You are amphibious.
You cannot fit into any form of body armour.
You are cold-blooded and may be slowed by cold attacks.


Message History

* * * LOW HITPOINT WARNING * * *
x2 The komodo dragon bites you!!
* * * LOW HITPOINT WARNING * * *
The yak gores you but does no damage. The yak gores you.
* * * LOW HITPOINT WARNING * * *
You are too injured to fight recklessly!
Okay, then.
You are too confused!
You're too confused to cast spells.
It was a potion of curing.
You feel better.
You feel less invigorated.
The yak snorts and paws the ground.
The vampire mumbles some strange words.
The vampire flickers and vanishes!
Deactivating autopickup; reactivate with Ctrl-A.
The gargoyle hurls a stone arrow at you.
The stone arrow hits you!
* * * LOW HITPOINT WARNING * * *
The komodo dragon bites you but does no damage.
The yak gores you.
* * * LOW HITPOINT WARNING * * *
The yak gores you but does no damage.
Blink to where?
Press: ? - help, Dir - move target
Found a glowing hat.
As you read the scroll of blinking, it crumbles to dust.
What are your orders? t - Shout!
Orders for allies: a - Attack new target. r - Retreat! s - Stop attacking. g - Guard the area. f - Follow me.
Anything else - Cancel.
Okay, then.
Blink to where?
Press: ? - help, Dir - move target An acid dragon comes into view.
As you read the scroll of blinking, it crumbles to dust.
The acid dragon roars!
The acid dragon spits acid at you. The splash of acid hits you!
You die...

########### #..ยง......#
#......[..#
#######.........####
......l............###.D
.Y{Y9Y(.........@.......
.YY####.........##.#####
...# #.........# # [..#
..........# YY.#
.####### ...# # ...#
...# ####


You could see an acid dragon (catching breath).

Vanquished Creatures
  A frost giant (D:10)
  A centaur warrior (D:10)
  7 two-headed ogres
  Pikel (D:8)
  An orc knight (D:10)
  A deep elf pyromancer (D:9)
  A deep elf zephyrmancer (D:10)
  A manticore (D:10)
  An orc sorcerer (D:10)
  Joseph (D:7)
  An elephant (D:8)
  A gargoyle (D:10)
  3 kobold demonologists (D:10)
  A komodo dragon (D:10)
  A freezing wraith (D:10)
  A troll (D:10)
  A hornet (D:8)
  Sigmund (D:4)
  4 wyverns
  2 wraiths (Ossuary)
  23 yaks
  A vampire (D:10)
  A steam dragon (D:7)
  3 ice beasts
  A sky beast (D:8)
  3 orc warriors (D:9)
  2 ogres
  3 black bears
  3 centaurs (D:10)
  5 kobold brigands
  2 lemures (D:8)
  2 bullfrogs
  2 gnoll sergeants
  Blork the orc (D:4)
  2 killer bees (D:10)
  2 howler monkeys
  13 wights
  8 centaur zombies
  A crimson imp (D:5)
  5 hounds
  6 orc priests
  A jelly (D:6)
  Crazy Yiuf (D:3)
  A bullfrog skeleton (D:6)
  Ijyb (D:3)
  An iguana (D:6)
  17 orc wizards
  A killer bee zombie (D:7)
  4 howler monkey zombies
  A howler monkey skeleton (D:4)
  3 adders
  10 gnolls
  2 white imps
  An adder zombie (Ossuary)
  2 dart slugs
  35 orcs
  4 bats
  8 endoplasms
  3 giant cockroaches
  10 goblins
  10 hobgoblins
  2 jackals (D:2)
  2 quokkas (D:1)
  10 ball pythons
  6 frilled lizards
  2 hobgoblin skeletons (Ossuary)
  A hobgoblin zombie (Ossuary)
  22 kobolds
  3 kobold zombies (Ossuary)
  An orc skeleton (Ossuary)
  An orc zombie (Ossuary)
  5 rats
292 creatures vanquished.

Vanquished Creatures (others)
  2 orc warriors (D:7)
  A sky beast (D:7)
  A kobold brigand (D:7)
  A scorpion (D:7)
  A killer bee (D:7)
  A centaur skeleton (D:7)
  An orc (D:7)
  A fungus (D:8)
9 creatures vanquished.

Grand Total: 301 creatures vanquished

Notes
Turn   | Place    | Note
-------+----------+-------------------------------------------
     0 | D:1      | Crownlay the Draconian Conjurer began the quest for the
                  | Orb.
     0 | D:1      | Reached XP level 1. HP: 14/14 MP: 3/3
   318 | D:1      | Reached XP level 2. HP: 20/20 MP: 3/5
   323 | D:1      | Learned a level 2 spell: Searing Ray
   445 | D:1      | Found a faded altar of an unknown god.
   959 | D:1      | Reached XP level 3. HP: 26/26 MP: 4/7
  1371 | D:2      | Found Iletow's Weapon Shop.
  2518 | D:3      | Reached XP level 4. HP: 33/33 MP: 3/9
  2964 | D:3      | Found a runed translucent door.
  2980 | D:3      | Found a runed translucent door.
  2981 | D:3      | Noticed YannSP's ghost (amateur FoFi)
  3148 | D:3      | Noticed Ijyb
  3153 | D:3      | Killed Ijyb
  3154 | D:3      | Reached XP level 5. HP: 36/38 MP: 4/11
  3531 | D:3      | Found a runed translucent door.
  3532 | D:3      | Noticed Crazy Yiuf
  3746 | D:3      | Killed Crazy Yiuf
  3747 | D:3      | Reached skill level 5 in Conjurations
  3989 | D:4      | Found an iron altar of Okawaru.
  4249 | D:4      | Reached skill level 5 in Spellcasting
  4249 | D:4      | Reached XP level 6. HP: 26/45 MP: 4/13
  4448 | D:4      | Noticed Sigmund
  4817 | D:4      | Found a bloodstained altar of Trog.
  4886 | D:4      | Noticed Blork the orc
  4891 | D:4      | Killed Blork the orc
  5020 | D:4      | Killed Sigmund
  5021 | D:4      | Your scales start taking on a dull iron-grey colour.
  5021 | D:4      | Reached XP level 7. HP: 50/50 MP: 7/15
  5076 | D:5      | Entered Level 5 of the Dungeon
  5094 | D:5      | Reached skill level 6 in Conjurations
  5699 | D:5      | Found a staircase to the Ecumenical Temple.
  5710 | Temple   | Entered the Ecumenical Temple
  5716 | Temple   | Became a worshipper of Vehumet
  6015 | D:5      | Found a burning altar of Makhleb.
  6164 | D:6      | Noticed a yak
  6164 | D:6      | Noticed a yak
  6164 | D:6      | Noticed a yak
  6164 | D:6      | Noticed a yak
  6164 | D:6      | Noticed a yak
  6164 | D:6      | Noticed a yak
  6170 | D:6      | Noticed a yak
  6173 | D:6      | Killed a yak
  6174 | D:6      | Reached XP level 8. HP: 57/57 MP: 10/19
  6177 | D:6      | Reached skill level 7 in Conjurations
  6477 | D:6      | Reached XP level 9. HP: 62/62 MP: 15/22
  6556 | D:6      | Identified the +0 ring mail "Bueko" {*Corrode Dex+4}
  6566 | D:6      | Reached skill level 8 in Conjurations
  6566 | D:6      | Reached * piety under Vehumet
  6566 | D:6      | Offered knowledge of Freeze by Vehumet.
  7548 | D:7      | Found a sand-covered staircase.
  7557 | Ossuary  | Entered an ossuary
  7854 | Ossuary  | Reached skill level 1 in Fighting
  7963 | Ossuary  | Reached skill level 9 in Conjurations
  8194 | D:7      | Noticed Joseph
  8209 | D:7      | Killed Joseph
  8345 | D:7      | Offered knowledge of Sandblast by Vehumet.
  8346 | D:7      | Reached skill level 10 in Conjurations
  8346 | D:7      | Reached XP level 10. HP: 75/78 MP: 20/23
  8349 | D:7      | Reached ** piety under Vehumet
  8637 | D:7      | Found a shimmering altar of Xom.
  8997 | D:8      | Learned a level 4 spell: Iskenderun's Mystic Blast
  9071 | D:8      | Identified the -5 hat "Safufet" {rElec Will+ Regen+}
  9167 | D:8      | Noticed Pikel
  9175 | D:8      | Killed Pikel
  9309 | D:8      | Reached skill level 5 in Fighting
  9322 | D:8      | Reached skill level 11 in Conjurations
  9335 | D:8      | Noticed an elephant
  9339 | D:8      | Found a staircase to the Lair.
  9389 | D:8      | Killed an elephant
 10223 | D:9      | Noticed a two-headed ogre
 10230 | D:9      | Killed a two-headed ogre
 10322 | D:9      | Noticed a deep elf pyromancer
 10327 | D:9      | Killed a deep elf pyromancer
 10328 | D:9      | Reached skill level 12 in Conjurations
 10365 | D:9      | Found a large runed translucent door.
 10365 | D:9      | Found a large runed translucent door.
 10367 | D:9      | Noticed ABBCCCDDDD's ghost (novice OpAK)
 10601 | D:9      | Reached XP level 11. HP: 91/91 MP: 19/24
 10713 | D:8      | Offered knowledge of Static Discharge by Vehumet.
 11329 | D:9      | Reached *** piety under Vehumet
 11458 | D:10     | Entered Level 10 of the Dungeon
 11623 | D:10     | Noticed a two-headed ogre
 11624 | D:10     | Noticed a two-headed ogre
 11631 | D:10     | Killed a two-headed ogre
 11636 | D:10     | Killed a two-headed ogre
 11637 | D:10     | Reached skill level 13 in Conjurations
 11689 | D:10     | Noticed a frost giant
 11706 | D:10     | Noticed an orc knight
 11730 | D:10     | Offered knowledge of Olgreb's Toxic Radiance by Vehumet.
 11940 | D:10     | Learned a level 7 spell: Orb of Destruction
 11967 | D:10     | Killed a frost giant
 12191 | D:10     | Reached skill level 14 in Conjurations
 12303 | D:10     | Noticed a two-headed ogre
 12308 | D:10     | Killed a two-headed ogre
 12308 | D:10     | Noticed a two-headed ogre
 12321 | D:10     | Killed a two-headed ogre
 12322 | D:10     | Reached skill level 1 in Summonings
 12322 | D:10     | Reached XP level 12. HP: 105/105 MP: 7/25
 12337 | D:10     | Noticed a two-headed ogre
 12339 | D:10     | Killed a two-headed ogre
 12339 | D:10     | Reached **** piety under Vehumet
 12367 | D:10     | Noticed a two-headed ogre
 12369 | D:10     | Killed a two-headed ogre
 12370 | D:10     | Reached skill level 10 in Fighting
 12879 | D:10     | Offered knowledge of Bolt of Magma by Vehumet.
 12886 | D:10     | Learned a level 5 spell: Bolt of Magma
 12894 | D:10     | Learned a level 7 spell: Spellforged Servitor
 13036 | D:10     | Noticed a centaur warrior
 13038 | D:10     | Killed a centaur warrior
 13163 | D:10     | Reached skill level 5 in Summonings
 13292 | D:10     | Identified the +1 hand axe of Xusonem {pain, rF+ Will++}
 13459 | D:11     | HP: 3/106 [yak (6)]
 13461 | D:11     | Killed from afar by an acid dragon

Illustrated notes

Levels and vault maps discovered:
D:1:      lightli_arrival_quake, layout_loops_ring,
          hellmonk_ecumenical_altar_zigzags
D:2:      layout_basic, serial_shops, nicolae_shop_stone
D:3:      layout_basic, ebering_ghost_sewer_f, glass_columns_a, uniq_ijyb,
          uniq_crazy_yiuf_cottage
D:4:      layout_rooms, trog_hazing_becter, okawaru_gym_becter,
          uniq_blork_the_orc, uniq_sigmund
D:5:      layout_gridville, makhleb_grotto_becter, temple_pool_b
D:6:      layout_loops_cross
D:7:      layout_basic, xom_confusion_cloud,
          lightli_ossuary_entry_decrepit_ruins, uniq_joseph
D:8:      layout_loops_corners, david_lair_generic, uniq_pikel
D:9:      layout_irregular_city, ebering_ghost_disaster_area, st_stairs_11
D:10:     minmay_the_grid_4x2 [minmay_the_grid_tri_star,
          minmay_the_grid_stretched_grid, minmay_the_grid_broken_lines,
          minmay_the_grid_rooms, minmay_the_grid_spikes, minmay_the_grid_slots,
          minmay_the_grid_diamond_grid, minmay_the_grid_prize_diamond_cup],
          layout_rooms, grunt_ministairs_14
D:11:     layout_basic, minmay_orc_entry_guard_dogs, uniq_harold, uniq_sonja,
          uniq_fannar
Temple:   eino_narrow_crystal_temple

Skill      XL: |  1  2  3  4  5  6  7  8  9 10 11 12 |
---------------+-------------------------------------+-----
Spellcasting   | 3 4 5 7 9 |  9.8
Conjurations   | 5 6 7 10 12 14 | 14.7
Fighting       | 3 6 9 10 | 10.0
Summonings     | 1 5 |  5.2
Dodging        | |  1.7
Stealth        | |  1.7

Action                   |  1- 3 |  4- 6 |  7- 9 | 10-12 || total
-------------------------+-------+-------+-------+-------++-------
Melee: Short sword       |    14 |     1 |       |       ||    15
       Tailslap          |     1 |       |       |     4 ||     5
       Dagger            |       |       |     8 |    17 ||    25
 Cast: Magic Dart        |    88 |    58 |    78 |    60 ||   284
       Searing Ray       |     1 |    13 |    55 |    97 ||   166
       Orb of Destructio |       |       |       |    23 ||    23
  Use: Scroll            |       |       |     7 |    13 ||    20
       Potion            |       |       |       |     2 ||     2
 Stab: Sleeping          |     1 |       |       |       ||     1
Armor: Skin              |     7 |     7 |    36 |    80 ||   130
Dodge: Dodged            |    14 |     8 |    64 |    94 ||   180
